 Dungeon Crawl Stone Soup version 0.30-a0-389-g8d7d949f56 (webtiles) character file.

Game seed: 14852823756588631965

41620 p00ps00p the Warrior (level 14, -5/140 HPs)
             Began as a Hill Orc Fighter on Dec 4, 2022.
             Was an Initiate of Gozag.
             Killed by divine providence
             ... invoked by an orc priest
             ... led by Saint Roka
              (14 damage)
             ... on level 2 of the Orcish Mines.
             The game lasted 00:39:09 (19942 turns).

p00ps00p the Warrior (Hill Orc Fighter)            Turns: 19942, Time: 00:39:10

Health: -5/140     AC: 24    Str: 24    XL:     14   Next: 16%
Magic:  14/14      EV: 12    Int:  8    God:    Gozag
Gold:   1055       SH: 17    Dex: 10    Spells: 13/13 levels left

rFire   . . .      SeeInvis .    a - +9 war axe (vamp)
rCold   . . .      Faith    .    D - +0 kite shield of Failure {rN+}
rNeg    + . .      Spirit   .    f - +3 chain mail
rPois   .          Reflect  +    u - +0 helmet
rElec   .          Harm     .    x - scarf {repulsion}
rCorr   .          Rampage  .    M - +1 pair of gloves
Will    +....                    (no boots)
Stlth   ..........               k - amulet of reflection
HPRegen 0.43/turn                z - +4 ring of evasion
MPRegen 0.14/turn                p - +4 ring of protection

@: studying Fighting, invisible, repel missiles
A: no striking features
a: Renounce Religion, Potion Petition, Call Merchant, Bribe Branch


You were on level 2 of the Orcish Mines.
You worshipped Gozag.
Gozag was most pleased with you.
You visited 3 branches of the dungeon, and saw 18 of its levels.
You also visited: Gauntlet.

You collected 2347 gold pieces.
You spent 1001 gold pieces at shops.
You paid 291 gold pieces to Gozag.

Inventory:

Hand Weapons
 a - a +9 vampiric war axe (weapon)
 w - a +2 broad axe of flaming
 A - a +2 morningstar of draining
 K - a +3 broad axe of venom
Missiles
 e - 2 throwing nets (quivered)
Armour
 f - a +3 chain mail (worn)
 u - a +0 helmet (worn)
 x - a scarf of repulsion (worn)
 B - a +0 tower shield
 D - the +0 kite shield of Failure (worn) {rN+}
   (You found it in a Gauntlet)

   rN:        It protects you from negative energy.
 M - a +1 pair of gloves (worn)
Jewellery
 j - a ring of flight
 k - an amulet of reflection (around neck)
 m - a ring of protection from fire
 p - a +4 ring of protection (right hand)
 y - a ring of poison resistance
 z - a +4 ring of evasion (left hand)
Wands
 g - a wand of digging (7)
 r - a wand of flame (40)
 s - a wand of paralysis (36)
 C - a wand of polymorph (2)
 F - a wand of roots (11)
 I - a wand of mindburst (7)
Scrolls
 b - 6 scrolls of identify
 q - a scroll of silence
 J - 7 scrolls of teleportation
 L - a scroll of magic mapping
Potions
 c - 2 potions of heal wounds
 d - 2 potions of brilliance
 h - 3 potions of degeneration
 i - 10 potions of curing
 l - 2 potions of attraction
 n - a potion of magic
 o - 3 potions of mutation
 t - 5 potions of lignification
 G - a potion of flight
 H - a potion of cancellation


   Skills:
 + Level 17.5 Fighting
 + Level 15.8 Axes
 + Level 13.7 Armour
 + Level 13.7 Shields


You had 13 spell levels left.
You didn't know any spells.
Your spell library contained the following spells:

 Spells                   Type           Power      Damage    Failure   Level
 Apportation              Tloc           0%         N/A       98%         1
 Beastly Appendage        Tmut           0%         N/A       98%         1
 Blink                    Tloc           0%         N/A       99%         2
 Cigotuvi's Dreadful Rot  Necr/Pois/Air  0%         N/A       99%         2
 Momentum Strike          Conj/Tloc      0%         3d8       99%         2
 Poisonous Vapours        Pois/Air       0%         N/A       99%         2
 Sublimation of Blood     Necr           0%         N/A       99%         2
 Wereblood                Tmut           0%         N/A       99%         2
 Lesser Beckoning         Tloc           0%         N/A       100%        3
 Mephitic Cloud           Conj/Pois/Air  0%         N/A       100%        3
 Spider Form              Tmut/Pois      0%         N/A       100%        3
 Dispel Undead            Necr           0%         3d6       100%        4
 Leda's Liquefaction      Hex/Erth       0%         N/A       100%        4
 Alistair's Intoxication  Tmut/Pois      0%         N/A       100%        5
 Arcjolt                  Conj/Air       0%         1d10      100%        5
 Fireball                 Conj/Fire      0%         3d3       100%        5
 Irradiate                Conj/Tmut      0%         3d11      100%        5
 Iskenderun's Battlesphe  Conj           0%         2d6       100%        5
 Lee's Rapid Deconstruct  Erth           0%         3d4*      100%        5
 Conjure Ball Lightning   Conj/Air       0%         3x3d6     100%        6
 Statue Form              Tmut/Erth      0%         N/A       100%        6
 Orb of Destruction       Conj           0%         9d5       100%        7
 Summon Hydra             Summ           0%         N/A       100%        7
 Discord                  Hex            0%         N/A       100%        8
 Disjunction              Tloc           0%         N/A       100%        8


Dungeon Overview and Level Annotations

Branches:
Dungeon (15/15)            Temple (1/1) D:7            Lair (0/5) D:10
    Orc (2/2) D:11         Vaults (0/5) D:14         Depths (0/4) D:15
Gauntlet (visited)
    Elf: Orc:2

Altars:
Ashenzari
Cheibriados
Dithmenos
Elyvilon
Fedhas
Gozag
Hepliaklqana
Kikubaaqudgha
Makhleb
Nemelex Xobeh
Okawaru
Qazlal
Ru
Sif Muna
Trog
Uskayaw
Vehumet
Wu Jian
Xom
Yredelemnul
Zin
The Shining One

Shops:
D:9 !   D:13 *   D:15 (

Annotations:
D:8 1 runed translucent door, avis's ghost, novice DgIE
Orc:2 Saint Roka


Message History

You block the orc priest's attack.
The orc warrior is distracted by your dazzling golden aura.
The orc warrior shouts!
The orc high priest threatens, "By the altar or by the axe, you will meet Beogh!"
You hear a shout! x2
The sixfirhy barely misses you. x2
The sixfirhy hits you but does no damage.
The sixfirhy hits you. The sixfirhy shocks you!
The orc warrior is distracted by your dazzling golden aura.
The orc high priest is distracted by your dazzling golden aura.
The orc priest invokes the aid of Beogh against you.
Beogh smites you!
* * * LOW HITPOINT WARNING * * *
Saint Roka invokes the aid of Beogh against you.
Beogh smites you!
* * * LOW HITPOINT WARNING * * *
You block the orc priest's attack.
The orc warrior shouts!
Items here: $ ))) [[[.
You feel much better.
The orc high priest shouts!
The orc warrior is no longer distracted by gold.
The sixfirhy hits you but does no damage.
The sixfirhy hits you!
* * * LOW HITPOINT WARNING * * *
The sixfirhy shocks you!
* * * LOW HITPOINT WARNING * * *
You block the sixfirhy's attack.
The orc warrior is distracted by your dazzling golden aura.
The orc priest shouts, "Surrender to Beogh and we'll let you live!"
You fade into invisibility!
The orc warrior is no longer distracted by gold.
The orc priest barely misses you.
Saint Roka invokes the aid of Beogh against you.
Beogh smites you!
* * * LOW HITPOINT WARNING * * *
The orc priest mumbles some strange prayers to Beogh against you.
Beogh smites you!
You die...
Your body crumbles into a pile of gold.

..###.. #.#.#... ###
.......## ##.##
........# #...#
#........ #...#
##........ # ##..####
##$$....... ####
#...#.###..3o......
.#.####......#.$@o......
....#....####.##ooo..#..
.........# ####ooo..#
........## #8oo.8#
#.......# #o{.oo#
...#...## #.oo..#
......... ..oo..o.
...#.....# ........
...###.....


You could see Saint Roka (strong, unable to see you), an orc knight (strong,
unable to see you), an orc high priest (strong, unable to see you), a sixfirhy
(summoned, unable to see you), an orc sorcerer (strong), 7 orc warriors, 2 orc
priests, an orc wizard (strong, unable to see you) and 4 orcs.

Vanquished Creatures
  An orc warlord (Orc:1)
  A minotaur (Gauntlet)
  2 fire dragons (D:15)
  Erolcha (D:13)
  A hydra (D:15)
  5 vault guards (D:14)
  An ice dragon (D:15)
  An entropy weaver (shapeshifter) (D:13)
  2 centaur warriors
  3 boulder beetles
  2 tengu warriors
  7 two-headed ogres
  3 orc knights
  3 deep elf pyromancers
  4 ugly things
  An orc sorcerer (Orc:2)
  7 cyclopes
  2 manticores
  A gargoyle (D:12)
  A smoke demon (Gauntlet)
  An efreet (D:15)
  Maggie (D:7)
  An unseen horror (D:10)
  A komodo dragon (D:12)
  A tengu conjurer (D:13)
  4 trolls
  3 meliai (D:14)
  A hornet (D:8)
  Grinder (D:5)
  16 slime creatures
  4 vampires
  A shadow (D:13)
  21 yaks
  2 steam dragons
  A basilisk (D:15)
  Menkaure (D:5)
  2 wargs (Orc:2)
  An acid dragon (D:9)
  2 water moccasins
  3 black bears
  15 orc warriors
  5 ogres
  5 centaurs
  A phantom (D:5)
  3 bullfrogs
  A necrophage (D:6)
  A gnoll sergeant (D:11)
  2 scorpions
  5 wights (D:6)
  A hornet simulacrum (D:15)
  10 killer bees
  4 howler monkeys
  6 hounds
  A lava snake (D:9)
  9 orc priests
  2 jellies
  A gnoll bouda (D:4)
  4 iguanas
  Ijyb (D:5)
  18 orc wizards
  Robin (D:4)
  21 gnolls
  5 adders
  A shadow imp (D:7)
  3 worms
  4 dart slugs
  58 orcs
  6 endoplasms
  5 giant cockroaches
  17 goblins
  8 hobgoblins
  8 kobolds
  6 quokkas
  6 ball pythons
  2 bats (D:1)
  2 frilled lizards (D:2)
  A rat (D:3)
  A spectral hobgoblin (D:1)
367 creatures vanquished.

Vanquished Creatures (others)
  An orc warrior (D:6)
  An orc (D:6)
  A fungus (Gauntlet)
  17 plants
20 creatures vanquished.

Grand Total: 387 creatures vanquished

Notes
Turn   | Place    | Note
-------+----------+-------------------------------------------
     0 | D:1      | p00ps00p the Hill Orc Fighter began the quest for the Orb.
     0 | D:1      | Reached XP level 1. HP: 19/19 MP: 1/1
   149 | D:1      | Reached XP level 2. HP: 27/27 MP: 2/2
   300 | D:1      | Found a faded altar of an unknown god.
   590 | D:2      | Reached skill level 4 in Fighting
   686 | D:2      | Reached XP level 3. HP: 26/33 MP: 3/3
  1539 | D:3      | Reached XP level 4. HP: 24/40 MP: 4/4
  1770 | D:3      | Reached XP level 5. HP: 19/47 MP: 5/5
  2241 | D:4      | Noticed an ogre
  2261 | D:4      | Killed an ogre
  2262 | D:4      | Reached skill level 5 in Fighting
  2262 | D:4      | Reached XP level 6. HP: 4/56 MP: 6/6
  2515 | D:4      | Reached skill level 5 in Axes
  2773 | D:4      | Noticed Robin
  2787 | D:4      | Killed Robin
  3001 | D:4      | Reached skill level 5 in Armour
  3046 | D:4      | Reached skill level 5 in Shields
  3162 | D:4      | Reached XP level 7. HP: 48/61 MP: 7/7
  3298 | D:5      | Entered Level 5 of the Dungeon
  3392 | D:5      | Reached skill level 6 in Fighting
  3415 | D:5      | Noticed Ijyb
  3422 | D:5      | Noticed Menkaure
  3423 | D:5      | Killed Ijyb
  4627 | D:6      | Reached XP level 8. HP: 36/71 MP: 8/8
  5209 | D:6      | Reached skill level 7 in Fighting
  5374 | D:6      | Found an iron altar of Okawaru.
  5412 | D:6      | Found a glowing golden altar of the Shining One.
  6257 | D:7      | Noticed Maggie
  6268 | D:7      | Killed Maggie
  6269 | D:7      | Reached XP level 9. HP: 81/81 MP: 9/9
  6274 | D:7      | Reached skill level 8 in Fighting
  6312 | D:7      | Found a staircase to the Ecumenical Temple.
  6318 | Temple   | Entered the Ecumenical Temple
  6536 | D:5      | Killed Menkaure
  6572 | D:5      | Noticed Grinder
  6595 | D:5      | Killed Grinder
  6909 | D:5      | Reached skill level 9 in Fighting
  6909 | D:5      | Reached XP level 10. HP: 73/91 MP: 10/10
  8362 | D:7      | Found a hazy altar of Hepliaklqana.
  8402 | D:8      | Noticed a manticore
  8415 | D:7      | Killed a manticore
  8416 | D:7      | Reached skill level 10 in Axes
  8759 | D:8      | Found an ornate altar of the Wu Jian Council.
  9078 | D:8      | Found a runed translucent door.
  9079 | D:8      | Found a shimmering altar of Xom.
  9079 | D:8      | Noticed avis's ghost (novice DgIE)
  9079 | D:8      | Noticed a +2 mace of chaos
  9186 | D:8      | Found a white marble altar of Elyvilon.
  9249 | D:8      | Found a basalt altar of Yredelemnul.
  9379 | D:9      | Found Xejaofew's Distillery.
  9390 | D:9      | Reached skill level 10 in Fighting
  9390 | D:9      | Noticed a two-headed ogre
  9670 | D:8      | Killed a two-headed ogre
  9698 | D:9      | Bought a potion of haste for 140 gold pieces
  9698 | D:9      | Bought 2 potions of heal wounds for 140 gold pieces
  9698 | D:9      | Bought a potion of heal wounds for 70 gold pieces
  9698 | D:9      | Bought a potion of might for 56 gold pieces
  9797 | D:9      | Found a sparkling altar of Nemelex Xobeh.
  9980 | D:9      | Reached XP level 11. HP: 101/101 MP: 11/11
  9982 | D:9      | Noticed a seven-headed hydra
 10183 | D:9      | Found a hide-covered altar of Uskayaw.
 10625 | D:9      | Reached skill level 10 in Armour
 10630 | D:9      | Reached skill level 10 in Shields
 10803 | D:9      | Noticed a centaur warrior
 10808 | D:9      | Noticed a deep elf pyromancer
 10816 | D:9      | Killed a centaur warrior
 10817 | D:9      | Reached skill level 11 in Fighting
 10825 | D:9      | Killed a deep elf pyromancer
 11015 | D:9      | Found a snail-covered altar of Cheibriados.
 11036 | D:10     | Entered Level 10 of the Dungeon
 11115 | D:10     | Noticed a tengu warrior
 11117 | D:10     | Noticed a two-headed ogre
 11123 | D:10     | Noticed a cyclops
 11145 | D:10     | Noticed a red ugly thing
 11233 | D:11     | Noticed a cyclops
 11239 | D:11     | Killed a cyclops
 11245 | D:11     | Got Sif Muna's Secrets of Blasphemous Arts and
                  | Confrontation
 11263 | D:11     | Found a gate leading to a gauntlet.
 11274 | Gauntlet | Entered a Gauntlet
 11274 | Gauntlet | Noticed a fire crab
 11274 | Gauntlet | Found a transporter.
 11286 | Gauntlet | a fire crab changed into a meliai
 11302 | Gauntlet | Found a transporter.
 11303 | Gauntlet | a wind drake changed into a swamp dragon
 11303 | Gauntlet | Noticed a swamp dragon (shapeshifter)
 11305 | Gauntlet | Found a transporter.
 11306 | Gauntlet | Found a transporter.
 11314 | Gauntlet | Found a transporter.
 11317 | Gauntlet | Found a transporter.
 11318 | Gauntlet | Found a transporter.
 11327 | Gauntlet | Found a transporter.
 11330 | Gauntlet | Found a transporter.
 11331 | Gauntlet | Found a transporter.
 11335 | Gauntlet | Noticed a seven-headed hydra
 11339 | Gauntlet | Found a transporter.
 11342 | Gauntlet | Found a transporter.
 11343 | Gauntlet | Found a transporter.
 11346 | Gauntlet | Noticed a death yak
 11348 | Gauntlet | Noticed a death yak
 11350 | Gauntlet | Noticed a necromancer
 11350 | Gauntlet | Noticed a death yak
 11351 | Gauntlet | Found a transporter.
 11351 | Gauntlet | Noticed a death yak
 11393 | Gauntlet | Noticed an oklob plant
 11417 | Gauntlet | Noticed a radroach
 11438 | Gauntlet | a radroach changed into a bunyip
 11438 | Gauntlet | Noticed a bunyip (shapeshifter)
 11443 | Gauntlet | a bunyip changed into a great orb of eyes
 11443 | Gauntlet | Noticed a great orb of eyes (shapeshifter)
 11697 | Gauntlet | Noticed a storm dragon
 11730 | Gauntlet | a storm dragon changed into a goliath frog
 11730 | Gauntlet | Noticed a goliath frog (shapeshifter)
 11854 | Gauntlet | a hornet changed into an entropy weaver
 11854 | Gauntlet | Noticed an entropy weaver (shapeshifter)
 11856 | Gauntlet | an entropy weaver changed into a human
 11898 | Gauntlet | Identified the +5 sling "Vedamyci" {drain, Fragile rF+
                  | Int+2}
 11898 | Gauntlet | Noticed a minotaur
 11909 | Gauntlet | Killed a minotaur
 11925 | Gauntlet | Identified the +0 kite shield of Failure {rN+}
 11925 | Gauntlet | Identified the +0 chain mail of the Lost Coins {rC+ Str+2
                  | Int+4}
 12023 | D:11     | Noticed a two-headed ogre
 12038 | D:11     | Killed a two-headed ogre
 12114 | D:11     | Noticed a boulder beetle
 12131 | D:10     | Found a stormy altar of Qazlal.
 12222 | D:10     | Found an opulent altar of Gozag.
 12231 | D:10     | Killed a cyclops
 12232 | D:10     | Reached skill level 12 in Fighting
 12234 | D:10     | Became a worshipper of Gozag Ym Sagoz the Greedy
 12245 | D:10     | Killed a two-headed ogre
 12246 | D:10     | Reached XP level 12. HP: 100/113 MP: 12/12
 12278 | D:10     | Killed a tengu warrior
 12362 | D:10     | Found a staircase to the Lair.
 12383 | D:10     | Found a glowing silver altar of Zin.
 12383 | D:10     | Found a shimmering altar of Xom.
 12384 | D:10     | Noticed an angel
 12443 | D:10     | Found a sacrificial altar of Ru.
 12576 | D:10     | Reached skill level 13 in Fighting
 12840 | D:11     | Noticed a two-headed ogre
 12851 | D:11     | Killed a two-headed ogre
 12967 | D:11     | Found a staircase to the Orcish Mines.
 12978 | Orc:1    | Entered Level 1 of the Orcish Mines
 13863 | Orc:1    | Noticed an orc warlord
 14055 | D:11     | Noticed a two-headed ogre
 14064 | D:11     | Killed a two-headed ogre
 14338 | D:12     | Noticed a two-headed ogre
 14343 | D:12     | Killed a two-headed ogre
 14344 | D:12     | Reached skill level 14 in Fighting
 14377 | D:12     | Noticed a two-headed ogre
 14382 | D:12     | Killed a two-headed ogre
 14945 | D:12     | Noticed a boulder beetle
 14969 | D:12     | Killed a boulder beetle
 15125 | D:13     | Noticed a centaur warrior
 15132 | D:13     | Killed a centaur warrior
 15133 | D:13     | Reached XP level 13. HP: 89/125 MP: 13/13
 15249 | D:13     | a blink frog changed into an entropy weaver
 15249 | D:13     | Noticed an entropy weaver (shapeshifter)
 15254 | D:13     | Killed an entropy weaver
 15255 | D:13     | Reached skill level 15 in Fighting
 15384 | D:13     | Found Huggonav's Assorted Antiques.
 15426 | D:13     | Bought a scroll of enchant weapon for 255 gold pieces
 15426 | D:13     | Bought a tourmaline ring for 170 gold pieces
 15426 | D:13     | Bought a twisted gilded ring for 170 gold pieces
 15560 | D:13     | Noticed Erolcha
 15576 | D:13     | Killed Erolcha
 16603 | D:14     | Reached skill level 16 in Fighting
 16649 | D:14     | Found a gate to the Vaults.
 16649 | D:14     | Noticed a vault guard
 16649 | D:14     | Noticed a vault guard
 16649 | D:14     | Noticed a vault guard
 16649 | D:14     | Noticed a vault guard
 16649 | D:14     | Noticed a vault guard
 16651 | D:14     | Noticed a vault guard
 16651 | D:14     | Noticed a vault guard
 16686 | D:15     | Entered Level 15 of the Dungeon
 16764 | D:15     | Found Bilege's Weapon Boutique.
 17077 | D:15     | Identified the +3 quarterstaff of Makhleb's Indignation
                  | {freeze, Will+ Dex+4}
 17099 | D:15     | Reached skill level 15 in Axes
 17411 | D:15     | Noticed a fire dragon
 17426 | D:15     | Killed a fire dragon
 17705 | D:15     | Noticed a fire dragon
 17706 | D:15     | Noticed an ice dragon
 17709 | D:15     | Found a staircase to the Depths.
 17720 | D:15     | Killed an ice dragon
 17724 | D:15     | Killed a fire dragon
 18536 | D:14     | Killed a vault guard
 18712 | D:14     | Noticed a vault guard
 18721 | D:14     | Killed a vault guard
 18749 | D:14     | Killed a vault guard
 18750 | D:14     | Reached skill level 17 in Fighting
 19068 | D:14     | Killed a vault guard
 19069 | D:14     | Reached XP level 14. HP: 100/140 MP: 14/14
 19628 | Orc:1    | Killed an orc warlord
 19873 | Orc:2    | Entered Level 2 of the Orcish Mines
 19920 | Orc:2    | Noticed Saint Roka
 19942 | Orc:2    | Killed from afar by an orc priest

Illustrated notes

Levels and vault maps discovered:
D:1:      saegor_arrival_fortress, layout_basic,
          dreamdust_ecumenical_altar_drowned_temple
D:2:      layout_rooms, serial_bayou_lagoon_b
D:3:      layout_rooms, minivault_27, minmay_misc_feat_more_columns,
          minmay_between
D:4:      layout_basic, uniq_robin
D:5:      wad_lake_hut, layout_gridville, grunt_tough_drop, uniq_grinder,
          uniq_menkaure, uniq_ijyb
D:6:      layout_layer_cave, okawaru_metal_pillars_1_2, amcnicky_altar_gilded
D:7:      layout_loops_ring, nicolae_hepliaklqana_hippocampus,
          minmay_temple_entry_hall, uniq_maggie
D:8:      layout_cave_pools, kennysheep_ying_yang, nzn_wu_jian_contemplation,
          ebering_ghost_xom
D:9:      layout_cave_pools, nemelex_spade_bored_becter,
          nicolae_uskayaw_suspiria, cheibriados_altar_2, serial_shops, shop,
          minmay_diamond_spiral
D:10:     layout_long_grid, grunt_temple_overflow_order_and_chaos_1,
          mainiacjoe_overflow_brackets, mainiacjoe_overflow_six_doors_small,
          grunt_qazlal_sundering, dpeg_oklobed_lair, kb_rosetta
D:11:     layout_gridville, hiddenorc1_lemuel, gauntlet_entry_generic
D:12:     layout_loops_cross
D:13:     layout_roguey, serial_shops, nicolae_shop_overgrown_old_shop,
          uniq_erolcha
D:14:     layout_stronghold, erik_vaults_2, kennysheep_decorative_pillar
D:15:     grunt_enter_depths_hoard, layout_stronghold,
          chequers_serial_rivers_small_3, serial_shops, shop
Temple:   hellmonk_temple_forest_ring
Orc:1:    layout_caves, uniq_fannar, uniq_maurice
Orc:2:    grunt_orc_cross, layout_caves

Skill      XL: |  1  2  3  4  5  6  7  8  9 10 11 12 13 |
---------------+----------------------------------------+-----
Axes           | 3 4 5 6 8 9 11 12 14 15 | 15.8
Fighting       | 4 5 6 7 9 10 12 14 17 | 17.5
Armour         | 4 5 7 8 9 11 12 13 | 13.7
Shields        | 4 5 7 8 9 10 12 13 | 13.7

Action                   |  1- 3 |  4- 6 |  7- 9 | 10-12 | 13-15 || total
-------------------------+-------+-------+-------+-------+-------++-------
Melee: War axe           |    80 |   113 |   174 |   523 |   410 ||  1300
       Morningstar       |       |       |       |    13 |       ||    13
       Broad axe         |       |       |       |     2 |     7 ||     9
Evoke: Wand              |       |       |       |    10 |       ||    10
  Use: Scroll            |     8 |     7 |    10 |    18 |     3 ||    46
       Potion            |       |     1 |     1 |    10 |     3 ||    15
 Stab: Distracted        |       |       |       |     1 |     2 ||     3
Armor: Scale mail        |    14 |       |       |       |       ||    14
       Chain mail        |    23 |    64 |   107 |   378 |   124 ||   696
Dodge: Dodged            |    32 |    46 |    55 |   222 |    86 ||   441
       Repelled          |       |       |       |       |     2 ||     2
Block: Buckler           |    43 |    68 |   114 |   206 |       ||   431
       Reflection        |     1 |     2 |     6 |    17 |    12 ||    38
       Kite shield       |       |       |       |   199 |   235 ||   434

Table legend: (Time is in decaauts)
 A = Elapsed time spent in this place.
 B = Non-inter-level travel time spent in this place.
 C = Inter-level travel time spent in this place.
 D = Time resting spent in this place.
 E = Time spent auto-exploring this place.
 F = Levels seen in this place.
 G = Mean time per level.
                   A        B        C        D        E       F      G
               +--------+--------+--------+--------+--------+-----+--------+
         Total |  19966 |  18977 |    989 |   4812 |   9754 |  19 | 1050.8 |
       Dungeon |  18765 |  17796 |    969 |   4572 |   9231 |  15 | 1251.0 |
        Temple |    166 |    148 |     18 |      0 |    140 |   1 |  166.0 |
  Orcish Mines |    386 |    385 |      1 |      0 |    247 |   2 |  193.0 |
      Gauntlet |    647 |    647 |      0 |    240 |    136 |   1 |  647.0 |
               +--------+--------+--------+--------+--------+-----+--------+

Top non-repeatable levels by time:
     D:4: 2281 daAuts
     D:6: 1944 daAuts
    D:11: 1749 daAuts
    D:15: 1673 daAuts
    D:14: 1481 daAuts
     D:8: 1268 daAuts
     D:7: 1216 daAuts
    D:13: 1195 daAuts
     D:9: 1048 daAuts
     D:5: 1039 daAuts
    D:12: 847 daAuts
    D:10: 826 daAuts
     D:2: 806 daAuts
     D:3: 804 daAuts
Gauntlet: 647 daAuts
